 Dungeon Crawl Stone Soup version 0.26-a0-682-g294304f6e8 (webtiles) character file.

Game seed: 1963987529424105013

6430 Grimalkyne the Spear-Bearer (level 11, -17/87 HPs)
             Began as a Human Fighter on Oct 20, 2020.
             Was a Priest of Yredelemnul.
             Demolished by a shadow (25 damage)
             ... on level 11 of the Dungeon.
             The game lasted 00:59:18 (15586 turns).

Grimalkyne the Spear-Bearer (Human Fighter)        Turns: 15586, Time: 00:59:19

Health: -17/87     AC: 17    Str: 20    XL:     11   Next: 18%
Magic:  16/16      EV:  4    Int:  9    God:    Yredelemnul [***...]
Gold:   448        SH: 10    Dex: 12    Spells: 10/10 levels left

rFire    . . .     SeeInvis .   a - +0 trident
rCold    . . .     Faith    .   c - +0 kite shield
rNeg     . . .     Spirit   .   u - +0 plate armour
rPois    .         Reflect  .   s - +2 helmet
rElec    .         Harm     .   n - +1 cloak
rCorr    .         Rampage  .   (no gloves)
MR       .....                  (no boots)
Stlth    ..........             (no amulet)
HPRegen  0.24/turn              (no ring)
MPRegen  0.15/turn              (no ring)

@: studying Axes
A: no striking features
a: Recall Undead Slaves, Injury Mirror, Animate Dead, Renounce Religion


You were on level 11 of the Dungeon.
You worshipped Yredelemnul.
Yredelemnul was most pleased with you.
You visited 2 branches of the dungeon, and saw 12 of its levels.

You collected 448 gold pieces.


   Skills:
 + Level 8.6 Fighting
 + Level 10.1 Polearms
 - Level 5.0 Armour
 + Level 6.8 Shields
 - Level 7.4 Invocations
 + Level 1.3 Evocations


You had 10 spell levels left.
You didn't know any spells.
Your spell library contained the following spells:

 Spells                   Type           Power        Failure   Level
 Corona                   Hex            #......      100%        1
 Slow                     Hex            #.......     100%        2
 Inner Flame              Hex/Fire       #.......     100%        3
 Portal Projectile        Hex/Tloc       #.....       100%        3
 Cause Fear               Hex            #.........   100%        4
 Leda's Liquefaction      Hex/Erth       #.........   100%        4

Inventory:

Hand Weapons
 a - a +0 trident (weapon)
 b - a +2 vorpal hunting sling
Missiles
 e - 24 poisoned darts
 f - 348 stones
 i - 8 boomerangs (quivered)
 l - 44 sling bullets
 t - 3 throwing nets {=f}
Armour
 c - a +0 kite shield (worn)
 n - a +1 cloak (worn)
 s - a +2 helmet (worn)
 u - a +0 plate armour (worn)
Jewellery
 C - an uncursed ring of ice
 F - an uncursed ring of fire
Wands
 m - a wand of random effects (27)
 p - a wand of flame (16)
 D - a wand of iceblast (6)
Scrolls
 o - 3 scrolls of amnesia
 r - 2 scrolls of remove curse {@r2}
 w - 2 scrolls of enchant weapon
 x - 3 scrolls of teleportation {@r4}
 y - a scroll of noise {unknown}
 z - a scroll of fog
 B - 3 scrolls of identify {@r1}
 E - 2 scrolls of fear
Potions
 d - a potion of berserk rage {!q}
 h - 2 potions of mutation
 j - a potion of haste {@q3}
 k - 2 potions of brilliance
 q - 2 potions of cancellation
 v - a potion of flight
 A - a potion of curing {@q1}
Books
 g - a manual of Axes {!d}
Miscellaneous
 G - a tin of tremorstones (3/3)

Dungeon Overview and Level Annotations

Branches:
Dungeon (11/15)            Temple (1/1) D:6
   Lair: D:8-11         Orc: D:9-12

Altars:
Ashenzari
Dithmenos
Elyvilon
Fedhas
Hepliaklqana
Makhleb
Okawaru
Ru
Sif Muna
Trog
Uskayaw
Yredelemnul
Zin
The Shining One

Shops:
D:7 *

Portals:
Trove: D:11 (give 6 potions of haste)

Annotations:
D:2 1 runed translucent door, exclusion: door, Crazy Yiuf
D:10 Maggie

#....#...#.........Z...8.∩.
#....#...#..........>..(8.8
#...##...##...##...##.(..8.
#...##...##... #'#########.
##...##.>.#######........#..
#.....'........#.........#..
###.....#........+....ZZ...#..
##....####################..#..
#......###....@.........Z...##.
#...##((.(..#▒▒▒▒▒▒▒▒▒▒▒▒▒#..##.
#..# #..(####▒$l# #$)▒#...). #..
##.(# ▒#)$. $(/#▒#...). #. #..Z#
##.⌠. .⌠.## #..... ##.....S##
....... #).... ##....## .......
#..... #.... .⌠...⌠. #.....
#..... #.....


You could see an iguana.


Message History

Attack whom?
Press: ? - help, Dir - move target cursor, f - shadow
Aim: a shadow You reach to attack!
You barely miss the shadow.
Your yak zombie gores the shadow.
The shadow slips into darkness.
The shadow flickers and vanishes!
Deactivating autopickup; reactivate with Ctrl-A.
Press: ? - help, Dir - move target cursor You could not reach far enough!
The shadow strikes at your yak zombie from the darkness!
Your yak zombie is destroyed!
Press: ? - help, Dir - move target cursor You reach to attack!
Your plate armour prevents you from hitting something.
Your shield and plate armour prevent you from hitting something.
The shadow strikes at you from the darkness!
* * * LOW HITPOINT WARNING * * *
Reactivating autopickup.
Your cyclops zombie hits the shadow!
You see here 7 stones.
The adder bites your cyclops zombie.
There is an open door here.
You see here a stone.
The shadow slips into darkness.
The shadow flickers and vanishes!
Deactivating autopickup; reactivate with Ctrl-A.
The shadow strikes at you from the darkness!
You die...
Your body rises from the dead as a mindless zombie.

Skill      XL: |  1  2  3  4  5  6  7  8  9 10 11 |
---------------+----------------------------------+-----
Polearms       | 3 4 5 6 8 9 10 | 10.1
Fighting       | 5 6 8 |  8.6
Armour         | 5 |  5.0
Invocations    | 1 6 7 |  7.4
Shields        | 6 |  6.8
Evocations     | 1 |  1.3

Action                   |  1- 3 |  4- 6 |  7- 9 | 10-12 || total
-------------------------+-------+-------+-------+-------++-------
Melee: Trident           |    77 |   190 |   524 |   432 ||  1223
 Fire: Hunting sling     |     4 |    69 |    57 |    14 ||   144
Throw: Boomerang         |       |       |    16 |     2 ||    18
Invok: Animate Remains   |       |       |    15 |       ||    15
       Animate Dead      |       |       |       |    25 ||    25
       Injury Mirror     |       |       |       |     3 ||     3
       Recall Undead Sla |       |       |       |     2 ||     2
Evoke: Wand              |       |       |     4 |     5 ||     9
  Use: Scroll            |       |     5 |    10 |     7 ||    22
       Potion            |       |       |     4 |     5 ||     9
 Stab: Distracted        |       |       |     1 |     1 ||     2
Armor: Scale mail        |    34 |    42 |       |       ||    76
       Chain mail        |       |    16 |       |       ||    16
       Plate armour      |       |    29 |   352 |   217 ||   598
       Skin              |       |     2 |       |       ||     2
Dodge: Dodged            |    15 |    56 |    59 |    38 ||   168
Block: Kite shield       |    41 |    99 |   198 |   169 ||   507

Levels and vault maps discovered:
D:1:      dpeg_arrival_refuge, layout_rooms
D:2:      layout_rooms, okawaru_altar_gauntlet_db, uniq_robin,
          uniq_crazy_yiuf_cottage, uniq_jessica
D:3:      layout_loops_ring
D:4:      layout_basic, kennysheep_ying_yang, minmay_overflow_temple_hex,
          lemuel_doored_altar, nicolae_ossuary_entry_plus, minmay_goblin_outpost
D:5:      layout_basic, cheibrodos_sewer_entry_bend,
          chequers_serial_rivers_small_a, chequers_hall_statues_corner_a
D:6:      layout_gridville, minmay_temple_entry_gardened_gates,
          minmay_manual_mail, uniq_blork_the_orc, uniq_prince_ribbit1
D:7:      layout_basic, serial_shops, shop, lemuel_tele_altar
D:8:      layout_loops_cross
D:9:      nicolae_whirlpool, layout_stronghold, basic_altar
D:10:     minmay_gate_of_8, layout_basic, david_orc_4, uniq_sonja, uniq_maggie
D:11:     wad_guarded_room, layout_gridville, due_lair_maze_entry_diamond,
          enter_trove_2, nicolae_gozag_zags_fifth_avenue
Temple:   dshaligram_water_room_temple

Notes
Turn   | Place    | Note
-------+----------+-------------------------------------------
     0 | D:1      | Grimalkyne the Human Fighter began the quest for the Orb.
     0 | D:1      | Reached XP level 1. HP: 18/18 MP: 1/1
    97 | D:1      | Reached XP level 2. HP: 24/24 MP: 2/2
   142 | D:1      | Reached skill level 3 in Polearms
   451 | D:1      | Reached XP level 3. HP: 29/29 MP: 3/3
   728 | D:2      | Reached skill level 4 in Polearms
   728 | D:2      | Reached XP level 4. HP: 28/35 MP: 4/4
   981 | D:2      | Noticed Jessica
   991 | D:2      | Killed Jessica
  1029 | D:2      | Reached XP level 5. HP: 38/41 MP: 5/5
  1131 | D:2      | Found an iron altar of Okawaru.
  1158 | D:2      | Reached skill level 5 in Polearms
  1217 | D:2      | Noticed Robin
  1227 | D:2      | Killed Robin
  1647 | D:2      | Found a runed translucent door.
  1648 | D:2      | Noticed Crazy Yiuf
  2070 | D:3      | Reached XP level 6. HP: 47/47 MP: 6/6
  2299 | D:3      | Reached skill level 6 in Polearms
  2861 | D:4      | Found a basalt altar of Yredelemnul.
  2871 | D:4      | Became a worshipper of Yredelemnul the Dark
  2893 | D:4      | Found a glowing silver altar of Zin.
  2893 | D:4      | Found a glowing golden altar of the Shining One.
  2893 | D:4      | Found a blossoming altar of Fedhas.
  2893 | D:4      | Found a hide-covered altar of Uskayaw.
  2900 | D:4      | Found a shadowy altar of Dithmenos.
  2905 | D:4      | Found a broken altar of Ashenzari.
  3083 | D:4      | Reached XP level 7. HP: 43/53 MP: 7/7
  3160 | D:4      | Reached skill level 4 in Fighting
  3160 | D:4      | Reached skill level 4 in Armour
  3232 | D:4      | Found a white marble altar of Elyvilon.
  3426 | D:4      | Found a shimmering blue altar of Sif Muna.
  4923 | D:5      | Entered Level 5 of the Dungeon
  5079 | D:5      | Reached * piety under Yredelemnul
  5735 | D:5      | Reached skill level 5 in Fighting
  5735 | D:5      | Reached skill level 5 in Armour
  5735 | D:5      | Reached XP level 8. HP: 41/62 MP: 8/8
  6649 | D:6      | Reached skill level 7 in Polearms
  6857 | D:6      | Reached skill level 6 in Fighting
  6937 | D:6      | Noticed a vampire
  7114 | D:6      | Found a staircase to the Ecumenical Temple.
  7127 | Temple   | Entered the Ecumenical Temple
  7151 | D:6      | Reached skill level 8 in Polearms
  7213 | D:6      | Reached skill level 1 in Invocations
  7277 | D:5      | Reached ** piety under Yredelemnul
  7293 | D:5      | Reached XP level 9. HP: 42/69 MP: 8/10
  7686 | D:6      | Noticed Blork the orc
  7701 | D:6      | Killed Blork the orc
  7701 | D:6      | Reached skill level 2 in Invocations
  8357 | D:6      | Noticed Prince Ribbit
  8393 | D:6      | Killed Prince Ribbit
  8393 | D:6      | Reached skill level 3 in Invocations
  8977 | D:7      | Reached skill level 4 in Invocations
  8982 | D:7      | Reached skill level 9 in Polearms
  9153 | D:7      | Noticed a hornet
  9522 | D:7      | Reached skill level 5 in Invocations
  9664 | D:7      | Found Lije's Assorted Antiques.
  9881 | D:7      | Killed a hornet
 10001 | D:7      | Reached skill level 6 in Invocations
 10018 | D:7      | Reached XP level 10. HP: 71/76 MP: 12/14
 10165 | D:7      | Found a shimmering blue altar of Sif Muna.
 10170 | D:7      | Reached *** piety under Yredelemnul
 10761 | D:8      | Noticed a two-headed ogre
 11591 | D:9      | Reached skill level 4 in Shields
 11716 | D:9      | Reached skill level 7 in Invocations
 11730 | D:9      | Reached skill level 7 in Fighting
 12335 | D:9      | Noticed a two-headed ogre
 12336 | D:9      | Found a bloodstained altar of Trog.
 12900 | D:9      | Reached skill level 5 in Shields
 13277 | D:10     | Entered Level 10 of the Dungeon
 13282 | D:10     | Noticed a gargoyle
 13384 | D:10     | Noticed a two-headed ogre
 13435 | D:9      | Reached skill level 10 in Polearms
 14105 | D:10     | Noticed a komodo dragon
 14111 | D:10     | Killed a komodo dragon
 14504 | D:10     | Noticed Maggie
 14696 | D:11     | Reached skill level 8 in Fighting
 14696 | D:11     | Reached skill level 6 in Shields
 14722 | D:11     | Reached XP level 11. HP: 67/86 MP: 16/16
 15282 | D:11     | Found a portal to a secret trove of treasure.
 15294 | D:11     | Noticed a cyclops
 15306 | D:11     | Killed a cyclops
 15357 | D:11     | Noticed a centaur warrior
 15376 | D:11     | Reached skill level 1 in Evocations
 15578 | D:11     | HP: 6/87 [something (25)]
 15586 | D:11     | Demolished by a shadow

Vanquished Creatures
  A centaur zombie (D:10)
  A komodo dragon (D:10)
  A hornet (D:7)
  Prince Ribbit (D:6)
  7 yaks
  A water moccasin (D:9)
  An orc warrior (D:9)
  An ice beast (D:8)
  2 black bears
  2 sky beasts
  3 ogres
  6 centaurs
  Blork the orc (D:6)
  8 bullfrogs
  A scorpion (D:5)
  A water moccasin skeleton (D:8)
  3 jellies
  3 electric eels (D:10)
  5 howler monkeys
  2 bullfrog zombies
  A quasit (D:6)
  A hound (D:11)
  2 centaur skeletons
  10 orc wizards
  4 orc priests
  A gnoll shaman (D:6)
  Jessica (D:2)
  3 iguanas
  5 worker ants
  A hound skeleton (D:7)
  A worker ant zombie (D:5)
  Robin (D:2)
  11 gnolls
  12 adders
  3 white imps
  2 ufetubi
  An adder skeleton (D:4)
  4 worms
  4 dart slugs
  9 leopard geckos
  49 orcs
  8 giant cockroaches
  22 goblins
  14 hobgoblins
  12 jackals
  5 quokkas
  A ball python (D:6)
  5 bats
  3 frilled lizards
  A jackal skeleton (D:5)
  11 kobolds
  A leopard gecko skeleton (D:7)
  7 rats
267 creatures vanquished.

Vanquished Creatures (collateral kills)
  A cyclops (D:11)
  A vampire (D:11)
  A yak (D:11)
  An eye of draining (D:11)
  A centaur (D:7)
  A big kobold (D:9)
  A jelly (D:11)
  2 orc priests (D:7)
  2 orc wizards (D:11)
  An iguana (D:9)
  A worker ant (D:9)
  A worker ant zombie (D:9)
  2 orcs
  A kobold (D:9)
17 creatures vanquished.

Vanquished Creatures (others)
  4 bullfrog zombies
  2 centaur zombies
  3 yak zombies
  A big kobold zombie (D:9)
  2 black bear zombies
  A centaur skeleton (D:9)
  A gnoll zombie (D:6)
  A hound zombie (D:11)
  A howler monkey zombie (D:7)
  An iguana zombie (D:6)
  2 jackal zombies (D:7)
  3 kobold zombies (D:9)
  2 leopard gecko zombies
  9 orc zombies
  A quokka zombie (D:9)
  A sky beast zombie (D:9)
  A worker ant zombie (D:9)
  6 plants (D:6)
42 creatures vanquished.

Grand Total: 326 creatures vanquished

Table legend: (Time is in decaauts)
 A = Elapsed time spent in this place.
 B = Non-inter-level travel time spent in this place.
 C = Inter-level travel time spent in this place.
 D = Time resting spent in this place.
 E = Time spent auto-exploring this place.
 F = Levels seen in this place.
 G = Mean time per level.
                   A        B        C        D        E       F      G
               +--------+--------+--------+--------+--------+-----+--------+
         Total |  15644 |  15219 |    425 |   6326 |   4444 |  12 | 1303.7 |
       Dungeon |  15638 |  15213 |    425 |   6326 |   4444 |  11 | 1421.6 |
        Temple |      5 |      5 |      0 |      0 |      0 |   1 |    5.0 |
               +--------+--------+--------+--------+--------+-----+--------+

Top non-repeatable levels by time:
     D:9: 2806 daAuts
     D:5: 2316 daAuts
     D:4: 2109 daAuts
     D:6: 1503 daAuts
     D:2: 1450 daAuts
     D:3: 1195 daAuts
     D:7: 1069 daAuts
     D:8: 1058 daAuts
    D:11: 1005 daAuts
    D:10: 642 daAuts
     D:1: 480 daAuts
  Temple: 5 daAuts

Table legend:
 A = Non-vault XP
 B = Vault XP
 C = Vault XP percentage of total XP
 D = Non-vault monster count
 E = Vault monster count
 F = Vault count percentage of total count
                 A         B        C        D         E       F
            +---------+---------+-------+---------+---------+-------
      Total |    8273 |     913 |   9.9 |     247 |      37 |  13.0
            +---------+---------+-------+---------+---------+-------
        D:1 |      37 |       0 |   0.0 |      16 |       0 |   0.0
        D:2 |      92 |     109 |  54.2 |      28 |      19 |  40.4
        D:3 |     179 |       0 |   0.0 |      30 |       0 |   0.0
        D:4 |     317 |      17 |   5.1 |      19 |       9 |  32.1
        D:5 |     773 |      39 |   4.8 |      22 |       3 |  12.0
        D:6 |     516 |     515 |  50.0 |      26 |       4 |  13.3
        D:7 |    1401 |       0 |   0.0 |      38 |       0 |   0.0
        D:8 |     235 |       0 |   0.0 |       9 |       0 |   0.0
        D:9 |    1891 |     233 |  11.0 |      32 |       2 |   5.9
       D:10 |    1186 |       0 |   0.0 |       9 |       0 |   0.0
       D:11 |    1646 |       0 |   0.0 |      18 |       0 |   0.0
            +---------+---------+-------+---------+---------+-------
